 Dungeon Crawl Stone Soup version 0.20-a0-1126-g0f15420 (webtiles) character file.

5956 Naow the Destroyer (level 10, -1/56 HPs)
             Began as an Octopode Fire Elementalist on May 17, 2017.
             Was a Follower of Vehumet.
             Slain by a yak (9 damage)
             ... on level 9 of the Dungeon.
             The game lasted 00:21:50 (11680 turns).

Naow the Destroyer (Octopode Fire Elementalist)    Turns: 11680, Time: 00:21:50

Health: -1/56      AC:  7    Str:  8    XL:     10   Next: 84%
Magic:  3/22       EV: 13    Int: 21    God:    Vehumet [*.....]
Gold:   643        SH:  0    Dex: 12    Spells: 11/26 levels left

rFire    . . .     SeeInvis +   A - +2 whip (elec)
rCold    . . .     Gourm    .   (no shield)
rNeg     . . .     Faith    .   (helmet restricted)
rPois    .         Spirit   .   (no amulet)
rElec    .         Reflect  .   J - ring of see invisible
rCorr    .         Harm     .   q - +6 ring of protection
MR       .....                  (no ring)
Stlth    ++++......             (no ring)
Regen    0.2/turn               (no ring)
MPRegen  0.2/turn               (no ring)
                                (no ring)
                                (no ring)

@: no status effects
A: almost no armour, stealthy swim, amphibious, 8 rings, constrict 8, camouflage
1, gelatinous body 1
a: Renounce Religion


You were on level 9 of the Dungeon.
You worshipped Vehumet.
Vehumet was aware of your devotion.
You were not hungry.

You visited 2 branches of the dungeon, and saw 10 of its levels.

You collected 643 gold pieces.

Inventory:

Hand Weapons
 c - a +0 dagger
 g - a +0 blowgun
 A - a +2 whip of electrocution (weapon)
Missiles
 u - 27 poisoned needles
 K - 5 needles of sleeping
Armour
 h - a +0 shield
Jewellery
 q - a +6 ring of protection (right tentacle)
 J - a ring of see invisible (left tentacle)
Wands
 D - a wand of flame (35/48)
 F - a wand of disintegration (12/24)
 G - a wand of scattershot (7/9)
Scrolls
 i - 2 scrolls of blinking {unknown}
 m - 2 scrolls of teleportation {unknown}
 n - 2 scrolls of fog {unknown}
 p - 9 scrolls of identify {unknown}
 r - 3 scrolls of amnesia {unknown}
 t - 3 scrolls of recharging
 y - a scroll of fear {unknown}
 z - a scroll of immolation {unknown}
 E - 3 scrolls of remove curse
 L - a scroll of noise {unknown}
 M - 2 scrolls of random uselessness {unknown}
Potions
 e - 4 potions of haste {unknown}
 j - 2 potions of berserk rage {unknown}
 k - a potion of curing {unknown}
 l - a potion of agility {unknown}
 o - 5 potions of might {unknown}
 s - a potion of mutation {unknown}
 v - 2 potions of heal wounds {unknown}
 x - 4 potions of flight {unknown}
 B - 2 potions of brilliance {unknown}
 C - a potion of lignification {unknown}
 I - a potion of degeneration {unknown}
Books
 a - a book of Flames

   Spells                             Type                      Level
   a - Flame Tongue                   Conjuration/Fire             1
   b - Throw Flame                    Conjuration/Fire             2
   c - Conjure Flame                  Conjuration/Fire             3
   d - Inner Flame                    Hexes/Fire                   3
   e - Sticky Flame                   Conjuration/Fire             4
   f - Fireball                       Conjuration/Fire             5
 H - a book of Cantrips

   Spells                             Type                      Level
   a - Confusing Touch                Hexes                        1
   b - Animate Skeleton               Necromancy                   1
   c - Summon Small Mammal            Summoning                    1
   d - Apportation                    Translocation                1
Comestibles
 b - 9 bread rations
 d - 5 royal jellies
 f - 3 meat rations
 w - 4 fruits


   Skills:
 - Level 2.0 Dodging
 - Level 5.1 Stealth
 + Level 5.1 Shields
 * Level 8.9 Spellcasting
 * Level 9.4 Conjurations
 + Level 7.2 Fire Magic


You had 11 spell levels left.
You knew the following spells:

 Your Spells              Type           Power        Failure   Level  Hunger
a - Flame Tongue          Conj/Fire      #####        1%          1    None
b - Throw Flame           Conj/Fire      #####.       1%          2    None
c - Conjure Flame         Conj/Fire      #####...     1%          3    None
d - Sticky Flame          Conj/Fire      #####...     2%          4    ###....
e - Fireball              Conj/Fire      #####.....   6%          5    #####..


Dungeon Overview and Level Annotations

Branches:
Dungeon (9/15)             Temple (1/1) D:7            Lair (0/6) D:9
    Orc: D:9-12

Altars:
Ashenzari
Cheibriados
Dithmenos
Elyvilon
Gozag
Kikubaaqudgha
Makhleb
Nemelex Xobeh
Okawaru
Qazlal
Ru
Sif Muna
Trog
Uskayaw
Vehumet
Wu Jian
Yredelemnul
The Shining One


Innate Abilities, Weirdness & Mutations

You cannot wear most types of armour.
You are very stealthy in the water. (Stealth+)
You are amphibious.
You can wear up to eight rings at the same time.
You can use your tentacles to constrict eight enemies at once.
Your skin changes colour to match your surroundings (Stealth+).
Your rubbery body absorbs attacks. (AC +1, EV +1)


Message History

The bullfrog is severely wounded.
You constrict the bullfrog.
The bullfrog burns!
You kill the bullfrog!
Vehumet accepts your kill. The yak gores you but does no damage.
Casting: Sticky Flame
Confirm with . or Enter, or press ? or * to list all spells.
You don't have enough magic to cast that spell.
You are too injured to fight recklessly!
You are too injured to fight recklessly!
You hit the yak but do no damage.
The yak is severely wounded.
The yak gores you!
* * * LOW HITPOINT WARNING * * *
You hit the yak.
The yak is severely wounded.
The yak gores you!
* * * LOW HITPOINT WARNING * * *
The yak gores you!
You die...

#.........# ##..
#......##....##
##<..
#...#######....#
###[... #..
#....#####().###
.
##....##.(..###
#....##...)##
##..####...##
##..## ##.(#
##.@## #..#
#.Y## #(.##
##†.# #..)######
#..## ##.....)..
#..# #....<.<.
##†.# #########
#..# #... #%...


You could see a yak.

Vanquished Creatures
  Pikel (D:5)
  A komodo dragon (D:9)
  A hippogriff (D:7)
  A spriggan (D:7)
  A wyvern (D:8)
  10 yaks
  A hornet zombie (D:9)
  2 orc warriors
  4 sky beasts
  4 ogres
  3 centaurs
  Blork the orc (D:5)
  3 bullfrogs
  A big kobold (D:8)
  5 killer bees (D:8)
  5 scorpions
  7 wights
  A jelly (D:7)
  A bullfrog skeleton (D:6)
  A gnoll shaman (D:5)
  4 orc priests
  A centaur skeleton (D:6)
  7 hounds
  Terence (D:3)
  2 iguanas
  Natasha (twice) (D:2)
  5 orc wizards
  4 worker ants
  2 hound skeletons
  15 adders
  5 gnolls (D:5)
  2 shadow imps
  An ooze (D:3)
  2 adder skeletons
  A worm (D:3)
  4 dart slugs
  2 leopard geckos
  11 orcs
  2 ball pythons
  10 giant cockroaches
  3 goblins
  9 hobgoblins
  10 jackals
  2 quokkas
  6 bats
  5 frilled lizards
  A jackal skeleton (D:5)
  A jackal zombie (D:8)
  18 kobolds
  A leopard gecko zombie (D:6)
  A quokka skeleton (D:8)
  9 rats
203 creatures vanquished.

Vanquished Creatures (others)
  4 slaves (D:5)
  2 orcs (D:5)
  2 plants (D:9)
8 creatures vanquished.

Grand Total: 211 creatures vanquished

Notes
Turn   | Place    | Note
-------+----------+-------------------------------------------
     0 | D:1      | Naow the Octopode Fire Elementalist began the quest for the Orb.
     0 | D:1      | Reached XP level 1. HP: 11/11 MP: 3/3
   324 | D:1      | Reached XP level 2. HP: 13/17 MP: 0/5
   441 | D:1      | Learned a level 2 spell: Throw Flame
   968 | D:1      | Reached XP level 3. HP: 21/21 MP: 4/6
  1113 | D:1      | Reached skill level 2 in Conjurations
  1730 | D:2      | Noticed Natasha
  1744 | D:2      | Killed Natasha
  1744 | D:2      | Reached XP level 4. HP: 14/27 MP: 1/8
  1970 | D:2      | Learned a level 3 spell: Conjure Flame
  2044 | D:2      | Found a sparkling altar of Nemelex Xobeh.
  2490 | D:2      | Reached XP level 5. HP: 29/31 MP: 7/9
  2496 | D:2      | Learned a level 4 spell: Sticky Flame
  2531 | D:2      | Noticed Natasha
  2537 | D:2      | Killed Natasha
  2537 | D:2      | Reached skill level 1 in Shields
  3162 | D:3      | Reached skill level 3 in Conjurations
  3355 | D:3      | Noticed Terence
  3400 | D:3      | Killed Terence
  3400 | D:3      | Reached XP level 6. HP: 36/36 MP: 0/11
  4076 | D:4      | Found a snail-covered altar of Cheibriados.
  4722 | D:5      | Entered Level 5 of the Dungeon
  4747 | D:5      | Reached XP level 7. HP: 41/41 MP: 8/13
  4794 | D:5      | Reached skill level 4 in Conjurations
  4989 | D:5      | Noticed Pikel
  5058 | D:5      | Killed Pikel
  5058 | D:5      | Reached skill level 5 in Stealth
  5058 | D:5      | Reached skill level 5 in Spellcasting
  5058 | D:5      | Reached skill level 5 in Conjurations
  5058 | D:5      | Reached skill level 5 in Fire Magic
  5058 | D:5      | Reached XP level 8. HP: 46/46 MP: 0/15
  5065 | D:5      | Learned a level 5 spell: Fireball
  5272 | D:5      | Found a shadowy altar of Dithmenos.
  5286 | D:5      | Noticed Blork the orc
  6034 | D:5      | Killed Blork the orc
  6236 | D:6      | Found a stormy altar of Qazlal.
  6588 | D:6      | Reached skill level 6 in Conjurations
  6954 | D:6      | Reached XP level 9. HP: 51/51 MP: 8/18
  7778 | D:7      | Reached skill level 7 in Conjurations
  8270 | D:7      | Found a staircase to the Ecumenical Temple.
  8455 | Temple   | Entered the Ecumenical Temple
  8526 | Temple   | Became a worshipper of Vehumet
  9698 | D:8      | Found a sacrificial altar of Ru.
  9704 | D:8      | Found a stormy altar of Qazlal.
 10091 | D:8      | Reached skill level 8 in Conjurations
 10368 | D:9      | Reached * piety under Vehumet
 10368 | D:9      | Offered knowledge of Sting by Vehumet.
 10429 | D:9      | Reached XP level 10. HP: 56/56 MP: 12/21
 11165 | D:9      | Found a staircase to the Lair.
 11208 | D:9      | Reached skill level 9 in Conjurations
 11469 | D:9      | Reached skill level 5 in Shields
 11667 | D:9      | Offered knowledge of Throw Frost by Vehumet.
 11680 | D:9      | Slain by a yak

Vault maps used:
D:1:      minmay_arrival_split_and_join
D:2:      cheibrodos_helix_gallery, nicolae_overflow_crystal_walls,
          minmay_tromino_v7, uniq_natasha
D:3:      first_bread, uniq_terence
D:4:      overflow_temple_1_default
D:5:      nicolae_dithmenos_shadow_blocks, uniq_blork_the_orc, uniq_pikel
D:6:      nicolae_qazlal_general_emergency
D:7:      minmay_temple_entry_fiery, the_bakery, minmay_misc_feat_diagonals
D:8:      minitemple
D:9:      nicolae_whirlpool, david_lair_shrubbed
Temple:   regret_index_temple_mists

Skill      XL: |  1  2  3  4  5  6  7  8  9 10 |
---------------+-------------------------------+-----
Conjurations   | 2 3 5 6 8 9 |  9.4
Spellcasting   | 3 4 5 6 7 8 |  8.9
Shields        | 1 2 4 5 |  5.1
Fire Magic     | 4 5 6 7 |  7.2
Stealth        | 3 5 |  5.1
Dodging        | |  2.0

Action                   |  1- 3 |  4- 6 |  7- 9 | 10-12 || total
-------------------------+-------+-------+-------+-------++-------
Melee: Unarmed           |     6 |       |       |       ||     6
       Constrict         |     9 |    12 |     5 |     4 ||    30
       Tentacles         |     7 |     7 |     5 |     1 ||    20
       Dagger            |    23 |    55 |     4 |       ||    82
       Whip              |       |       |    31 |    23 ||    54
 Fire: Blowgun           |       |       |     3 |       ||     3
 Cast: Flame Tongue      |    52 |    88 |   165 |    50 ||   355
       Throw Flame       |     3 |    21 |    27 |    20 ||    71
       Conjure Flame     |       |     1 |     8 |       ||     9
       Sticky Flame      |       |     2 |    22 |    15 ||    39
       Fireball          |       |       |       |     5 ||     5
  Use: Scroll            |     2 |       |       |       ||     2
 Stab: Sleeping          |     3 |     7 |     5 |       ||    15
  Eat: Chunk             |     3 |    11 |    18 |     7 ||    39
       Royal jelly       |       |       |     1 |       ||     1
Armor: Skin              |     7 |    29 |    24 |     7 ||    67
Dodge: Dodged            |    31 |    55 |    44 |    21 ||   151
